 Dungeon Crawl Stone Soup version 0.19-a0-994-g3c636f0 (webtiles) character file.

102 mistymad the Poker (level 4, -3/35 HPs)
             Began as a Merfolk Gladiator on July 17, 2016.
             Slain by a giant frog (7 damage)
             ... on level 3 of the Dungeon.
             The game lasted 00:02:37 (1114 turns).

mistymad the Poker (Merfolk Gladiator)              Turns: 1114, Time: 00:02:38

Health: -3/35      AC:  6    Str: 16    XL:     4   Next: 77%
Magic:  4/4        EV: 13    Int:  7    God:
Gold:   56         SH:  0    Dex: 14    Spells: 0 memorised, 3 levels left

rFire  . . .     SeeInvis .     a - +0 trident
rCold  . . .     Gourm    .     h - +0 ring mail
rNeg   . . .     Faith    .     (no shield)
rPois  .         Spirit   .     c - +0 helmet
rElec  .         Dismiss  .     (no cloak)
rCorr  .         Reflect  .     (no gloves)
SustAt .         Harm     .     (no boots)
MR     .....                    (no amulet)
Stlth  +.........               (no ring)
                                l - ring of flight

@: not resistant to hostile enchantments, very unstealthy
A: change form in water, swift swim
a: Evoke Flight


You were on level 3 of the Dungeon.
You were not hungry.

You visited 1 branch of the dungeon, and saw 4 of its levels.

You collected 56 gold pieces.

Inventory:

Hand Weapons
 a - a +0 trident (weapon)
Missiles
 d - 3 throwing nets (quivered)
Armour
 c - a +0 helmet (worn)
 h - a +0 ring mail (worn)
Jewellery
 l - a ring of flight (left hand)
Scrolls
 b - a scroll of enchant weapon {unknown}
 e - a scroll of teleportation
Potions
 k - a potion of invisibility {unknown}
Comestibles
 f - a bread ration
 g - a slice of pizza
 i - a chunk of flesh


   Skills:
 + Level 3.1 Fighting
 + Level 5.3 Polearms
 - Level 2.0 Throwing
 + Level 1.3 Armour
 + Level 4.9 Dodging


You had 3 spell levels left.
You didn't know any spells.

Dungeon Overview and Level Annotations

Branches:
Dungeon (4/15)
 Temple: D:4-7

Altars:

Annotations:
D:2 Robin


Message History

* * * LOW HITPOINT WARNING * * *
You climb downwards.
A giant newt, an iguana and a worker ant come into view.
The iguana hisses angrily.
The worker ant twitches its antennae in your direction.
The giant newt hisses angrily.
There is a stone staircase leading up here.
You take 2 damage, and have 5/35 hp.
The hobgoblin hits you but does no damage.
You climb upwards.
The giant frog hits you.
* * * LOW HITPOINT WARNING * * *
The giant frog closely misses you.
There is a stone staircase leading down here.
You take 2 damage, and have 3/35 hp.
The giant frog misses you. The hobgoblin misses you.
The giant frog hits you but does no damage.
The giant frog completely misses you. The giant frog completely misses you.
The giant frog hits you!
You die...

#.#.#...#.#.#
#.#.#.......#
#.#.#......#
####...#...<.#
......!#.###.#
########.......#
#.r.g.l.>#######
#F########
#@#.....#
#.#.....#
#.#......#
...#......#
#####......#
...##... ## .#


You could see a giant frog, a giant gecko, a quokka and a hobgoblin.

Vanquished Creatures
  Jessica (D:2)
  2 adders (D:2)
  A worm (D:2)
  3 dart slugs (D:1)
  A giant gecko (D:1)
  An orc (D:2)
  3 bats
  2 giant cockroaches (D:1)
  12 goblins
  7 hobgoblins
  3 jackals (D:1)
  A kobold (D:1)
  3 giant newts
  2 rats (D:1)
42 creatures vanquished.

Notes
Turn   | Place    | Note
-------+----------+-------------------------------------------
     0 | D:1      | mistymad the Merfolk Gladiator began the quest for the Orb.
     0 | D:1      | Reached XP level 1. HP: 16/16 MP: 1/1
    89 | D:1      | Reached XP level 2. HP: 15/22 MP: 2/2
   475 | D:1      | Reached XP level 3. HP: 26/28 MP: 3/3
   619 | D:2      | Noticed Jessica
   622 | D:2      | Killed Jessica
   622 | D:2      | Reached skill level 5 in Polearms
   622 | D:2      | Reached skill level 1 in Armour
   628 | D:2      | Reached XP level 4. HP: 34/34 MP: 4/4
   997 | D:2      | Noticed Robin
  1095 | D:3      | Noticed a giant frog
  1114 | D:3      | Slain by a giant frog

Vault maps used:
D:1:      matt_arrival_los_fun, minivault_26
D:2:      yredelemnul_forgotten_temple_becter, kennysheep_generic_room_11,
          uniq_robin, uniq_jessica
D:3:      serial_co_window_serial, co_window_of_opportunity_a,
          co_window_corner_a, co_window_cross_1, co_window_of_opportunity_a,
          co_window_corner_a, co_window_of_opportunity_a, co_window_corner_a,
          co_window_corner_b, co_window_broadway_b, co_window_paths_c,
          co_window_broadway_a, co_window_paths_d, glass_columns_b,
          xom_redecorated
D:4:      first_bread

Skill      XL: |  1  2  3  4 |
---------------+-------------+-----
Polearms       | 5 |  5.3
Armour         | 1 |  1.3
Fighting       | 3 |  3.1
Throwing       | |  2.0
Dodging        | |  4.9

Action                   |  1- 3 |  4- 6 || total
-------------------------+-------+-------++-------
Melee: Trident           |    74 |    81 ||   155
  Use: Scroll            |     4 |       ||     4
       Potion            |       |     2 ||     2
  Eat: Chunk             |       |     1 ||     1
Armor: Ring mail         |    16 |    26 ||    42
Dodge: Dodged            |    37 |    80 ||   117
